 Dungeon Crawl Stone Soup version 0.31.0-11-ge490571c62 (webtiles) character file.

Game seed: 10745853673829372278

2064 Daunt the Cleaver (level 9, 0/69 HPs)
             Began as a Formicid Shapeshifter on Feb 3, 2024.
             Was an Initiate of Nemelex Xobeh.
             Slain by a manticore (9 damage)
             ... on level 7 of the Dungeon.
             The game lasted 00:35:50 (5076 turns).

Daunt the Cleaver (Formicid Shapeshifter)           Turns: 5076, Time: 00:35:52

Health: 0/69       AC:  8    Str: 22    XL:     9   Next: 50%
Magic:  3/3        EV: 11    Int: 11    God:    Nemelex Xobeh [......]
Gold:   68         SH:  5    Dex: 13    Spells: 8/8 levels left

rFire   . . .        b - +2 dire flail (antimagic)
rCold   + . .        M - +1 buckler {rC+}
rNeg    . . .        G - +3 ring mail {Will+}
rPois   .            (helmet unavailable)
rElec   .            (cloak currently unavailable)
rCorr   .            (gloves currently unavailable)
SInv    +            (boots currently unavailable)
Will    +....        (no amulet)
Stlth   +            g - +4 ring of slaying
HPRegen 0.31/turn    (no ring)
MPRegen 0.08/turn

%: no passive effects
@: beast-form
A: beast (slay +1), permanent stasis, dig shafts and tunnels, antennae 3, four
strong arms
a: Dig, Shaft Self, Begin Untransformation, Renounce Religion, Draw Escape, Draw
Destruction, Draw Summoning


You were on level 7 of the Dungeon.
You worshipped Nemelex Xobeh.
Nemelex Xobeh was noncommittal.
You were a hulking beast.
You visited 2 branches of the dungeon, and saw 9 of its levels.

You collected 267 gold pieces.
You spent 199 gold pieces at shops.

Inventory:

Hand Weapons
 a - a +1 battleaxe of electrocution
 b - a +2 antimagic dire flail (weapon)
 n - a +0 war axe
 p - a +1 halberd of venom
 H - a +0 sling
Missiles
 r - 52 stones
 w - 16 poisoned darts (quivered)
Armour
 h - a +0 animal skin
 u - a +0 ring mail
 v - a +0 pair of boots
 B - a +1 ring mail of cold resistance
 F - a +0 kite shield
 G - a +3 ring mail of willpower (worn)
 M - a +1 buckler of cold resistance (worn)
Jewellery
 g - a +4 ring of slaying (left hand)
Talismans
 c - a beast talisman
 d - a flux talisman
Wands
 L - a wand of quicksilver (10)
Scrolls
 e - a scroll of teleportation {unknown}
 f - 3 scrolls of vulnerability {unknown}
 l - a scroll of enchant weapon {unknown}
 m - a scroll of poison {unknown}
 o - a scroll of revelation {unknown}
 s - a scroll of amnesia {unknown}
 t - a scroll of enchant armour {unknown}
 y - 2 scrolls of blinking {unknown}
 E - a scroll of fog {unknown}
 I - a scroll of torment {unknown}
 J - a scroll of silence {unknown}
Potions
 i - a potion of brilliance {unknown}
 k - a potion of cancellation
 q - a potion of ambrosia
 x - 2 potions of curing
 z - 2 potions of might {unknown}
 A - a potion of lignification
 C - 2 potions of enlightenment {unknown}
 D - a potion of magic {unknown}
 K - 3 potions of mutation {unknown}


   Skills:
 - Level 5.6 Fighting
 - Level 10.1(10.3) Axes
 - Level 3.0(7.1) Polearms
 - Level 1.7 Dodging
 + Level 0.0 Shields
 - Level 3.0 Unarmed Combat
 - Level 3.2 Shapeshifting


You had 8 spell levels left.
You didn't know any spells.
Your spell library contained the following spells:

 Spells                   Type           Power      Damage    Failure   Level
 Ensorcelled Hibernation  Hex/Ice        0%         N/A       73%         2
 Scorch                   Fire           0%         2d5       73%         2
 Passwall                 Erth           0%         N/A       91%         3
 Flame Wave               Conj/Fire      0%         2d4       100%        4
 Manifold Assault         Tloc           0%         N/A       100%        4
 Dispersal                Tloc           0%         N/A       100%        6
 Summon Cactus Giant      Summ           0%         N/A       100%        6
 Disjunction              Tloc           0%         N/A       100%        8
 Swiftness                Air            Unusable   N/A       N/A         3

Dungeon Overview and Level Annotations

Branches:
Dungeon (8/15)             Temple (1/1) D:7
   Lair: D:8-11

Altars:
Ashenzari
Cheibriados
Fedhas
Gozag
Hepliaklqana
Kikubaaqudgha
Makhleb
Nemelex Xobeh
Okawaru
Qazlal
Ru
Sif Muna
Trog
Uskayaw
Vehumet
Wu Jian
Xom
Yredelemnul
Zin

Shops:
D:3 (

Annotations:
D:3 Sigmund


Innate Abilities, Weirdness & Mutations

You are a hulking beast.
Your limbs bulge with bestial killing power. (Slay +1)
You cannot be hasted, slowed, berserked, paralysed or teleported.
You can dig through walls and to a lower floor.
You have a pair of large antennae on your head. (SInv)
Your four strong arms can wield two-handed weapons with a shield.


Message History

The manticore bites you!!
The manticore claws you but does no damage.
You block the manticore's attack.
You completely miss the manticore.
The manticore is lightly wounded.
The manticore bites you but does no damage.
The manticore claws you. The manticore barely misses you.
You bludgeon the manticore!!
The manticore is heavily wounded.
The manticore bites you! The manticore closely misses you.
The manticore claws you but does no damage.
You barely miss the manticore.
The manticore is heavily wounded.
The manticore bites you. The manticore claws you. The manticore claws you!
You sock the manticore!
The manticore is severely wounded.
You block the manticore's attack. x2; The manticore closely misses you.
You hit the manticore.
The manticore is severely wounded.
The manticore bites you!
* * * LOW HITPOINT WARNING * * *
The manticore claws you.
* * * LOW HITPOINT WARNING * * *
The manticore barely misses you.
Unknown command.
Unknown command.
You feel much better. The manticore bites you!!
* * * LOW HITPOINT WARNING * * *
The manticore claws you.
* * * LOW HITPOINT WARNING * * *
The manticore claws you.
* * * LOW HITPOINT WARNING * * *
Unknown command.
You hit the manticore.
The manticore is almost dead.
The manticore bites you.
* * * LOW HITPOINT WARNING * * *
The manticore claws you!
You die...
Your body disappears without a glow.

#.#.........<##..#
###'###.#####.....#
#.......# ##..#### ##
#....######...###..#:H.#
#....####...###..H.)$).#
#....##...###.#..#, {
#...)...###...##.#
#.....##'...###..#
#.......###..h#.##
#....##...###.H.# {
####........###.#
#####......### { ##.....
##... ##.


You could see a manticore.

Vanquished Creatures
  Prince Ribbit (D:6)
  Eustachio (D:4)
  Edmund (D:3)
  An orc warrior (D:6)
  A sky beast (D:7)
  A black bear (D:3)
  An ice beast (D:5)
  A phantom (D:5)
  A gnoll sergeant (D:5)
  3 scorpions
  4 wights (D:6)
  2 howler monkeys (D:6)
  A jelly (D:6)
  4 hounds
  3 orc priests
  2 iguanas
  5 orc wizards
  2 hound zombies (D:3)
  6 gnolls
  8 adders
  3 dart slugs (D:1)
  2 ribbon worms
  19 orcs
  6 endoplasms
  A giant cockroach (D:4)
  2 goblins
  2 hobgoblins
  6 jackals
  6 quokkas
  7 ball pythons
  4 bats
  8 kobolds
  2 rats
117 creatures vanquished.

Notes
Turn   | Place    | Note
-------+----------+-------------------------------------------
     0 | D:1      | Daunt the Formicid Shapeshifter began the quest for the
                  | Orb.
     0 | D:1      | Reached XP level 1. HP: 15/15 MP: 1/1
    69 | D:1      | Reached XP level 2. HP: 11/22 MP: 2/2
   427 | D:1      | Reached XP level 3. HP: 29/29 MP: 3/3
   604 | D:2      | Reached skill level 1 in Axes
   620 | D:2      | Reached skill level 2 in Axes
   620 | D:2      | Reached XP level 4. HP: 35/35 MP: 4/4
   786 | D:2      | Reached skill level 1 in Polearms
   786 | D:2      | Reached XP level 5. HP: 41/41 MP: 5/5
  1111 | D:3      | Noticed Sigmund
  1111 | D:3      | Noticed a black bear
  1270 | D:3      | Found a basalt altar of Yredelemnul.
  1985 | D:3      | Found a stormy altar of Qazlal.
  2039 | D:3      | Found Solegg's Antique Weapon Emporium.
  2077 | D:4      | Noticed Edmund
  2284 | D:3      | Killed a black bear
  2285 | D:3      | Reached skill level 3 in Axes
  2285 | D:3      | Reached XP level 6. HP: 23/47 MP: 6/6
  2368 | D:3      | Found a faded altar of an unknown god.
  2471 | D:3      | Killed Edmund
  2472 | D:3      | Reached skill level 4 in Axes
  2472 | D:3      | Reached XP level 7. HP: 35/52 MP: 0/7
  2533 | D:4      | Noticed Eustachio
  2581 | D:4      | Killed Eustachio
  2582 | D:4      | Reached skill level 5 in Axes
  2617 | D:5      | Entered Level 5 of the Dungeon
  2932 | D:5      | Found a snail-covered altar of Cheibriados.
  2933 | D:5      | Found an opulent altar of Gozag.
  2933 | D:5      | Found an ancient bone altar of Kikubaaqudgha.
  2934 | D:5      | Found an iron altar of Okawaru.
  2939 | D:5      | Reached skill level 6 in Axes
  2993 | D:5      | Found a broken altar of Ashenzari.
  3153 | D:5      | Reached XP level 8. HP: 58/58 MP: 2/8
  3211 | D:5      | Reached skill level 7 in Axes
  3524 | D:3      | Bought a runed battleaxe for 199 gold pieces
  3707 | D:5      | Reached skill level 8 in Axes
  3902 | D:6      | Noticed Prince Ribbit
  3912 | D:6      | Killed Prince Ribbit
  4072 | D:6      | Reached skill level 9 in Axes
  4072 | D:6      | Reached XP level 9. HP: 61/66 MP: 3/9
  4279 | D:6      | Reached skill level 5 in Fighting
  4641 | D:7      | Reached skill level 10 in Axes
  4912 | D:7      | Found a staircase to the Ecumenical Temple.
  4921 | Temple   | Entered the Ecumenical Temple
  4930 | Temple   | Became a worshipper of Nemelex Xobeh the Trickster
  5059 | D:7      | Noticed a manticore
  5076 | D:7      | Slain by a manticore

Illustrated notes

Levels and vault maps discovered:
D:1:      mrwooster_arrival_statue_3, layout_loops_ring, minmay_misc_feat_rugged
D:2:      layout_basic
D:3:      layout_basic, overflow_temple_1_default,
          lemuel_zombie_altar_yredelemnul,
          hellmonk_ecumenical_altar_inner_sanctum, serial_shops, shop,
          uniq_sigmund
D:4:      layout_cave_pools, minmay_misc_feat_doors, uniq_edmund, uniq_eustachio
D:5:      layout_loops_ring, mainiacjoe_overflow_24_doors,
          chequers_temple_overflow_statue_of_worship, lightli_minifort
D:6:      layout_gridville, serial_bayou_lake_a, uniq_prince_ribbit1
D:7:      minmay_the_grid_four_pointed_star [minmay_the_grid_triangle_9x9_empty,
          minmay_the_grid_triangle_9x9_flanged_cone,
          minmay_the_grid_triangle_9x9_corrupted_corridor,
          minmay_the_grid_triangle_9x9_negative_grid,
          minmay_the_grid_prize_four_corners], layout_basic,
          minmay_temple_entry_mist
D:8:      layout_basic, elyvilon_altar_4, roderic_lattice_a, uniq_jeremiah
Temple:   hellmonk_temple_two_chambers

Skill      XL: |  1  2  3  4  5  6  7  8  9 |
---------------+----------------------------+-----
Fighting       | 2 3 4 5 |  5.6
Axes           | 2 3 4 6 9 10 | 10.1
Polearms       | 1 3 |  3.0
Dodging        | |  1.7
Unarmed Combat | |  3.0
Shapeshifting  | |  3.2

Action                     |  1- 3 |  4- 6 |  7- 9 || total
---------------------------+-------+-------+-------++-------
  Melee: Unarmed           |    18 |    26 |       ||    44
         Halberd           |       |    12 |       ||    12
         Punch             |       |     1 |     3 ||     4
         Dire flail        |       |       |   184 ||   184
         Battleaxe         |       |       |     2 ||     2
   Fire: Sling             |    33 |    57 |       ||    90
  Throw: Dart              |       |       |     7 ||     7
    Use: Scroll            |       |       |     5 ||     5
         Potion            |       |       |     1 ||     1
   Stab: Distracted        |       |       |     1 ||     1
 Armour: Animal skin       |    13 |    24 |       ||    37
         Ring mail         |       |    18 |   115 ||   133
  Dodge: Dodged            |    21 |    34 |   100 ||   155
  Block: Buckler           |       |       |     3 ||     3
